 Dungeon Crawl Stone Soup version 0.20.1-1-g8b1a95d (webtiles) character file.

18222 polve the Martial Artist (level 12, -5/106 HPs)
             Began as a Grey Draconian Transmuter on Aug 7, 2017.
             Was the Champion of Okawaru.
             Slain by a yak (11 damage)
             ... led by a torpor snail
             ... on level 3 of the Lair of Beasts.
             The game lasted 00:25:49 (20468 turns).

polve the Martial Artist (DrTm)                    Turns: 20468, Time: 00:25:50

Health: -5/106     AC: 14    Str: 10      XL:     12   Next: 25%
Magic:  0/13       EV: 16    Int: 18      God:    Okawaru [******]
Gold:   895        SH:  0    Dex: 10 (13) Spells: 2/15 levels left

rFire    + + .     SeeInvis .     - Unarmed
rCold    + . .     Gourm    .   (shield currently unavailable)
rNeg     . . .     Faith    .   (armour unavailable)
rPois    +         Spirit   +   (helmet restricted)
rElec    .         Reflect  .   F - scarf {repulsion}
rCorr    .         Harm     .   (gloves currently unavailable)
MR       .....                  G - +0 pair of boots
Stlth    ++++......             i - amulet of guardian spirit
Regen    0.3/turn               K - ring of protection from fire
MPRegen  0.2/turn               w - ring of stealth

@: blade hands (expiring), repel missiles
A: walk through water, unfitting armour, beak, talons 1, blurry vision 1, cold
resistance 1, deterioration 1, fire resistance 1, low mp 1, poison resistance,
weak 1, unbreathing, cold-blooded, AC +13
a: End Transformation, Heroism, Finesse, Renounce Religion


You were on level 3 of the Lair of Beasts.
You worshipped Okawaru.
Okawaru was exalted by your worship.
You were very hungry.
You had blades for hands.
You visited 2 branches of the dungeon, and saw 15 of its levels.

You collected 895 gold pieces.

Inventory:

Missiles
 a - 238 arrows (quivered)
Armour
 d - a +1 pair of gloves (melded)
 F - a scarf of repulsion (worn)
 G - a +0 pair of boots (worn)
Jewellery
 i - an amulet of guardian spirit (around neck)
 w - a ring of stealth (right scythe-like blade)
 K - a ring of protection from fire (left scythe-like blade)
Wands
 o - a wand of clouds (1/9)
 x - a wand of disintegration (24/24)
 M - a wand of iceblast (5/15)
 N - a wand of clouds (8/9)
Scrolls
 f - 3 scrolls of fog
 h - a scroll of magic mapping
 j - a scroll of recharging
 k - 3 scrolls of remove curse
 n - a scroll of vulnerability {unknown}
 q - 3 scrolls of blinking
 r - 4 scrolls of identify
 s - 2 scrolls of amnesia
 v - a scroll of brand weapon {unknown}
 y - 7 scrolls of teleportation
 B - 2 scrolls of enchant weapon
 C - a scroll of torment {unknown}
 H - a scroll of silence
 I - 2 scrolls of holy word {unknown}
 Q - a scroll of enchant armour
Potions
 c - a potion of cancellation {unknown}
 e - 8 potions of curing
 g - 4 potions of flight
 m - a potion of berserk rage {unknown}
 t - a potion of might {unknown}
 u - 2 potions of invisibility {unknown}
 z - 2 potions of agility
 A - a potion of ambrosia {unknown}
 D - 2 potions of brilliance
 J - a potion of heal wounds
 L - a potion of haste
Books
 b - a book of Changes

   Spells                             Type                      Level
   a - Beastly Appendage              Transmutation                1
   b - Sticks to Snakes               Transmutation                2
   c - Spider Form                    Transmutation/Poison         3
   d - Ice Form                       Ice/Transmutation            4
   e - Blade Hands                    Transmutation                5
 p - a book of Callings

   Spells                             Type                      Level
   a - Summon Small Mammal            Summoning                    1
   b - Call Imp                       Summoning                    2
   c - Call Canine Familiar           Summoning                    3
   d - Summon Guardian Golem          Hexes/Summoning              3
   e - Summon Lightning Spire         Summoning/Air                4
   f - Summon Ice Beast               Ice/Summoning                4
 E - a book of Geomancy

   Spells                             Type                      Level
   a - Sandblast                      Earth                        1
   b - Passwall                       Transmutation/Earth          2
   c - Stone Arrow                    Conjuration/Earth            3
   d - Petrify                        Transmutation/Earth          4
   e - Lee's Rapid Deconstruction     Earth                        5
Comestibles
 l - 15 royal jellies
 O - a bread ration


   Skills:
 - Level 10.0 Fighting
 + Level 10.0 Dodging
 - Level 5.0 Stealth
 - Level 10.1 Unarmed Combat
 - Level 2.0 Spellcasting
 - Level 10.0 Transmutations
 - Level 2.0 Poison Magic
 + Level 1.5 Invocations


You had 2 spell levels left.
You knew the following spells:

 Your Spells              Type           Power        Failure   Level  Hunger
a - Beastly Appendage     Tmut           #####.       10%         1    #......
b - Sticks to Snakes      Tmut           #####...     11%         2    ###....
c - Spider Form           Tmut/Pois      ###.......   32%         3    ###....
d - Blade Hands           Tmut           #####.....   43%         5    ######.
e - Passwall              Tmut/Erth      ###.......   28%         2    ###....


Dungeon Overview and Level Annotations

Branches:
Dungeon (12/15)            Temple (0/1) D:5            Lair (3/6) D:11
 Spider (0/4) Lair:2
  Swamp: Lair:2-4    Shoals: Lair:2-4       Orc: D:9-12

Altars:
Ashenzari
Cheibriados
Elyvilon
Fedhas
Hepliaklqana
Okawaru
Qazlal
Ru
Trog
Uskayaw
Vehumet
Xom
Zin
The Shining One

Shops:
D:9 (

Annotations:
D:5 1 runed door


Innate Abilities, Weirdness & Mutations

You can walk through water.
Your dull iron-grey scales are very hard. (AC +13)
You cannot fit into any form of body armour.
You can survive without breathing.
You are cold-blooded and may be slowed by cold attacks.
You have a beak for a mouth.
You have sharp toenails.
Scrolls take you a little longer to read.
Your flesh is cold resistant. (rC+)
Your body sometimes deteriorates upon taking damage.
Your flesh is heat resistant. (rF+)
Your magical capacity is low. (-10% MP)
Your system is resistant to poisons. (rPois)
You are weak. (Str -2)


Message History

You kill the yak!
Okawaru accepts your kill. The yak completely misses you. The yak gores you!
* * * LOW HITPOINT WARNING * * *
The yak gores you.
* * * LOW HITPOINT WARNING * * *
Your transformation is almost over.
The yak barely misses you.
You feel like a meek peon again.
There is a stone staircase leading down here.
The yak completely misses you.
You slice the yak!! You peck the yak, but do no damage.
The yak is severely wounded.
The yak closely misses you.
You slash the yak!
You kill the yak!
Okawaru accepts your kill.
Your Dodging skill increases to level 10!
The yak gores you!
You die...

##........#
#..†......#
###.......#
##........##
#..........#
###........#
#PY......##
##Y†......#
#..@.....##
#.........#
###......##
#......##
##.......#
.##........#
...#......##
..........#
.......
..........##


You could see 2 yaks.

Vanquished Creatures
  The ghost of manyhoops the Brawler, a journeyman DrTm of Cheibriados (Lair:2)
  A two-headed ogre (D:11)
  The ghost of dvd the Quickloader, a novice MiWn of Makhleb (D:9)
  2 ugly things (D:11)
  A cyclops (D:7)
  Joseph (D:8)
  A torpor snail (Lair:3)
  2 spiny frogs
  7 komodo dragons
  A troll (D:10)
  A hornet (D:11)
  Prince Ribbit (D:8)
  A slime creature (D:7)
  6 hippogriffs
  A shadow (D:10)
  Grum (D:8)
  18 yaks
  A hungry ghost (D:7)
  A basilisk (Lair:3)
  5 water moccasins
  A soldier ant (D:11)
  4 sky beasts
  3 porcupines
  3 ice beasts
  6 orc warriors
  An eye of draining (D:11)
  A black bear (D:10)
  2 necrophages (D:5)
  4 ogres
  4 wolves (D:8)
  3 crocodiles
  7 centaurs
  2 big kobolds (D:10)
  5 bullfrogs
  4 scorpions
  11 wights
  5 howler monkeys
  8 crimson imps
  5 hounds
  3 centaur skeletons
  3 bullfrog zombies
  8 jellies
  2 orc priests (D:5)
  A bullfrog skeleton (D:4)
  2 iguanas
  10 orc wizards
  8 worker ants
  A hound zombie (D:5)
  A hound skeleton (D:9)
  2 worker ant zombies
  6 gnolls (D:5)
  22 adders
  2 shadow imps (D:7)
  12 oozes
  3 adder skeletons
  3 worms
  A dart slug (D:2)
  9 leopard geckos
  46 orcs
  8 bats
  19 giant cockroaches
  6 goblins
  6 hobgoblins
  20 jackals
  5 quokkas
  A ball python (D:5)
  7 frilled lizards
  18 kobolds
  A leopard gecko zombie (D:6)
  A quokka skeleton (D:4)
  10 rats
380 creatures vanquished.

Vanquished Creatures (others)
  A quokka (D:5)
  6 fungi
  4 plants (Lair:1)
11 creatures vanquished.

Grand Total: 391 creatures vanquished

Notes
Turn   | Place    | Note
-------+----------+-------------------------------------------
     0 | D:1      | polve the Draconian Transmuter began the quest for the Orb.
     0 | D:1      | Reached XP level 1. HP: 16/16 MP: 3/3
     1 | D:1      | Found a runed door.
   162 | D:1      | Reached XP level 2. HP: 17/23 MP: 5/5
   727 | D:1      | Reached XP level 3. HP: 17/28 MP: 4/6
   981 | D:1      | Learned a level 2 spell: Sticks to Snakes
   985 | D:1      | Learned a level 3 spell: Spider Form
  1179 | D:2      | Reached skill level 1 in Poison Magic
  1347 | D:2      | Reached XP level 4. HP: 35/35 MP: 7/7
  2186 | D:3      | Found a hide-covered altar of Uskayaw.
  2773 | D:3      | Found a hazy altar of Hepliaklqana.
  2776 | D:3      | Found a snail-covered altar of Cheibriados.
  2776 | D:3      | Found a stormy altar of Qazlal.
  2798 | D:3      | Reached XP level 5. HP: 14/42 MP: 4/8
  2968 | D:3      | Found a radiant altar of Vehumet.
  3975 | D:4      | Found a bloodstained altar of Trog.
  4243 | D:4      | Found an iron altar of Okawaru.
  4279 | D:4      | Became a worshipper of Warmaster Okawaru
  4358 | D:4      | Reached XP level 6. HP: 46/51 MP: 7/9
  4726 | D:4      | Got a shimmering short sword
  4727 | D:4      | Identified the cursed +1 short sword of the Shark {pierce, +Inv} (You found it on level 4 of the Dungeon)
  4753 | D:5      | Entered Level 5 of the Dungeon
  4784 | D:5      | Noticed a water moccasin
  4803 | D:5      | Killed a water moccasin
  4803 | D:5      | Reached * piety under Okawaru
  4803 | D:5      | Reached skill level 5 in Unarmed Combat
  4910 | D:5      | Your scales start taking on a dull iron-grey colour.
  4910 | D:5      | Reached XP level 7. HP: 18/60 MP: 7/10
  4910 | D:5      | Gained mutation: You can survive without breathing. [Grey Draconian growth]
  5281 | D:5      | Found a blossoming altar of Fedhas.
  5299 | D:5      | Reached skill level 5 in Fighting
  5565 | D:5      | HP: 3/62 [gnoll/flail (10)]
  5898 | D:5      | Found a white marble altar of Elyvilon.
  5929 | D:5      | Found a sacrificial altar of Ru.
  5950 | D:5      | Found a runed door.
  5950 | D:5      | Found a glowing silver altar of Zin.
  5950 | D:5      | Noticed an angel
  6010 | D:5      | Found a staircase to the Ecumenical Temple.
  6035 | D:5      | Reached ** piety under Okawaru
  6492 | D:5      | Reached XP level 8. HP: 59/70 MP: 11/11
  6862 | D:5      | Gained mutation: You are clumsy. (Dex -2) [mutagenic meat]
  6863 | D:5      | Gained mutation: You are occasionally teleported next to monsters. [mutagenic meat]
  6867 | D:5      | Lost mutation: You are clumsy. (Dex -2) [potion of mutation]
  6867 | D:5      | Lost mutation: You are occasionally teleported next to monsters. [potion of mutation]
  6867 | D:5      | Gained mutation: Scrolls take you a little longer to read. [potion of mutation]
  6867 | D:5      | Gained mutation: You have a beak for a mouth. [potion of mutation]
  6867 | D:5      | Gained mutation: You are weak. (Str -2) [potion of mutation]
  6867 | D:5      | Gained mutation: You have sharp toenails. [potion of mutation]
  7506 | D:6      | Reached *** piety under Okawaru
  7523 | D:6      | Reached XP level 9. HP: 56/81 MP: 10/12
  8268 | D:6      | You fall through a shaft!
  8493 | D:6      | Found a shimmering altar of Xom.
  9327 | D:7      | Gained mutation: Your flesh is heat resistant. (rF+) [mutagenic meat]
  9328 | D:7      | Gained mutation: Your magical capacity is low. (-10% MP) [mutagenic meat]
  9330 | D:7      | Gained mutation: Your flesh is cold resistant. (rC+) [mutagenic meat]
  9930 | D:7      | Reached skill level 10 in Fighting
 10116 | D:7      | Reached **** piety under Okawaru
 10127 | D:7      | Reached skill level 10 in Unarmed Combat
 10129 | D:7      | Reached skill level 1 in Stealth
 10140 | D:7      | Noticed a cyclops
 10168 | D:7      | Killed a cyclops
 10168 | D:7      | Reached XP level 10. HP: 34/92 MP: 6/11
 10757 | D:7      | Gained mutation: Your system is resistant to poisons. (rPois) [mutagenic meat]
 10785 | D:8      | Noticed Grum
 10796 | D:8      | Killed Grum
 10796 | D:8      | Received a gift from Okawaru
 10990 | D:8      | Noticed Prince Ribbit
 11012 | D:8      | Killed Prince Ribbit
 11228 | D:8      | Noticed Joseph
 11243 | D:8      | Killed Joseph
 11243 | D:8      | Reached ***** piety under Okawaru
 11898 | D:8      | Reached skill level 5 in Stealth
 11904 | D:8      | Reached skill level 5 in Dodging
 12034 | D:9      | Found Liocseq's Weapon Emporium.
 12162 | D:9      | Found a shattered altar of Ashenzari.
 12283 | D:9      | Noticed dvd's ghost (novice MiWn)
 12321 | D:9      | Killed dvd's ghost
 12321 | D:9      | Reached skill level 5 in Transmutations
 12981 | D:10     | Entered Level 10 of the Dungeon
 13194 | D:10     | Learned a level 5 spell: Blade Hands
 13197 | D:10     | Learned a level 2 spell: Passwall
 13931 | D:10     | Reached XP level 11. HP: 87/98 MP: 9/12
 14219 | D:11     | Found a glowing golden altar of the Shining One.
 14556 | D:11     | Received a gift from Okawaru
 14783 | D:11     | Noticed a red ugly thing
 14941 | D:11     | Noticed a purple ugly thing
 14987 | D:11     | Killed a brown ugly thing
 14991 | D:11     | Killed a red ugly thing
 14997 | D:11     | Gained mutation: Your body sometimes deteriorates upon taking damage. [mutagenic meat]
 15105 | D:11     | Noticed a two-headed ogre
 15125 | D:11     | Killed a two-headed ogre
 15430 | D:11     | Noticed a seven-headed hydra
 16157 | D:11     | Found a staircase to the Lair.
 16627 | Lair:1   | Entered Level 1 of the Lair of Beasts
 17179 | Lair:1   | HP: 4/99 [komodo dragon (26)]
 17247 | D:11     | HP: 1/99 [yak (10)]
 17270 | D:11     | HP: 1/99 [yak (5)]
 17648 | D:11     | Received a gift from Okawaru
 17793 | Lair:1   | Reached ****** piety under Okawaru
 18603 | Lair:2   | Found a white marble altar of Elyvilon.
 18608 | Lair:2   | Noticed manyhoops's ghost (journeyman DrTm)
 19388 | Lair:2   | Found a hole to the Spider Nest.
 19557 | Lair:2   | Killed manyhoops's ghost
 19557 | Lair:2   | Reached XP level 12. HP: 106/106 MP: 5/13
 20333 | Lair:3   | Received a gift from Okawaru
 20455 | Lair:3   | Reached skill level 10 in Transmutations
 20458 | Lair:3   | Reached skill level 1 in Invocations
 20460 | Lair:3   | HP: 5/106 [yak[a torpor snail] (9)]
 20468 | Lair:3   | Reached skill level 10 in Dodging
 20468 | Lair:3   | Slain by a yak

Skill      XL: |  1  2  3  4  5  6  7  8  9 10 11 12 |
---------------+-------------------------------------+-----
Transmutations | 3 4 6 9 10 | 10.0
Poison Magic   | 1 2 |  2.0
Fighting       | 2 3 4 6 8 10 | 10.0
Unarmed Combat | 4 5 6 8 10 | 10.1
Dodging        | 2 6 9 10 | 10.0
Stealth        | 2 5 |  5.0
Invocations    | 1 |  1.5
Spellcasting   | |  2.0

Action                   |  1- 3 |  4- 6 |  7- 9 | 10-12 || total
-------------------------+-------+-------+-------+-------++-------
Melee: Unarmed           |   151 |   298 |   337 |   829 ||  1615
       Tailslap          |    21 |    26 |    39 |    81 ||   167
       Kick              |     3 |    18 |    74 |    37 ||   132
       Punch             |     2 |     3 |    19 |    20 ||    44
       Headbutt          |     1 |     6 |     7 |     6 ||    20
       Short sword       |       |    37 |   155 |       ||   192
       Peck              |       |       |    50 |   116 ||   166
 Cast: Beastly Appendage |     3 |    16 |     4 |     5 ||    28
       Spider Form       |       |     3 |     5 |     1 ||     9
       Blade Hands       |       |       |       |    11 ||    11
Invok: Heroism           |       |       |       |     4 ||     4
  Use: Scroll            |       |     9 |     2 |     6 ||    17
       Potion            |       |     1 |     5 |     8 ||    14
 Stab: Sleeping          |     2 |     2 |     5 |    20 ||    29
       Distracted        |       |       |       |     4 ||     4
  Eat: Chunk             |     2 |     9 |    25 |    22 ||    58
       Bread ration      |       |     1 |       |     3 ||     4
       Meat ration       |       |       |       |     1 ||     1
Armor: Skin              |    45 |   101 |   195 |   316 ||   657
Dodge: Dodged            |    94 |   194 |   282 |   681 ||  1251
       Deflected         |       |       |       |     5 ||     5
